 Dungeon Crawl Stone Soup version 0.23.2-1-ga50397a6bc (webtiles) character file.

Game seed: 5973940859498494664

4251 Kobolds4U the Protected (level 10, -2/84 HPs)
             Began as a Minotaur Fighter on Apr 24, 2019.
             Was an Initiate of Ashenzari.
             Slain by a hippogriff (5 damage)
             ... on level 8 of the Dungeon.
             The game lasted 00:17:19 (6672 turns).

Kobolds4U the Protected (Minotaur Fighter)          Turns: 6672, Time: 00:17:20

Health: -2/84      AC: 20    Str: 20    XL:     10   Next: 10%
Magic:  9/9        EV:  6    Int:  5    God:    Ashenzari [......]
Gold:   342        SH:  0    Dex: 14    Spells: 9/9 levels left

rFire    . . .     SeeInvis .   N - +0 dire flail (curse)
rCold    . . .     Gourm    .   (shield currently unavailable)
rNeg     . . .     Faith    .   O - +0 plate armour (curse)
rPois    .         Spirit   .   j - +2 hat (curse)
rElec    .         Reflect  .   Q - +0 cloak
rCorr    .         Harm     .   G - +0 pair of gloves (curse)
MR       ++...                  (no boots)
Stlth    ..........             s - amulet of regeneration (curse)
HPRegen  0.64/turn              B - ring of protection from magic
MPRegen  0.11/turn              K - ring of protection from magic

@: lethally poisoned (-2 -> -12)
A: retaliatory headbutt, horns 2
a: Curse Item, Renounce Religion


You were on level 8 of the Dungeon.
You worshipped Ashenzari.
Ashenzari was noncommittal.
You were not hungry.

You visited 2 branches of the dungeon, and saw 9 of its levels.

You collected 342 gold pieces.

Inventory:

Hand Weapons
 a - a +0 war axe
 i - a +1 antimagic hand axe
 o - a +0 hunting sling
 p - a +2 dagger of electrocution
 I - a +2 flail of draining
 L - a +1 whip of flaming
 N - a cursed +0 dire flail (weapon)
Missiles
 b - 10 tomahawks (quivered)
 q - 16 sling bullets
 F - 6 javelins of penetration
 P - 4 poisoned tomahawks
Armour
 j - a cursed +2 hat (worn)
 y - a scarf of resistance
 G - a cursed +0 pair of gloves (worn)
 O - a cursed +0 plate armour (worn)
 Q - a +0 cloak (worn)
Jewellery
 s - a cursed amulet of regeneration (around neck)
 v - an uncursed ring of ice
 B - a ring of protection from magic (left hand)
 K - a ring of protection from magic (right hand)
Wands
 x - a wand of iceblast (14)
 D - a wand of random effects (20)
 E - a wand of digging (2)
 H - a wand of polymorph (9)
 R - a wand of flame (26)
Scrolls
 c - a scroll of fear {unknown}
 e - 2 scrolls of teleportation {unknown}
 h - a scroll of random uselessness {unknown}
 k - a scroll of remove curse
 r - 2 scrolls of enchant armour {unknown}
 t - 2 scrolls of magic mapping {unknown}
 u - a scroll of enchant weapon {unknown}
 z - 3 scrolls of identify {unknown}
 A - 3 scrolls of noise {unknown}
 C - 2 scrolls of immolation {unknown}
 J - 2 scrolls of amnesia {unknown}
 S - a scroll of blinking {unknown}
Potions
 d - 4 potions of might
 g - 2 potions of agility {unknown}
 l - a potion of haste
 n - a potion of heal wounds {unknown}
 w - 2 potions of mutation {unknown}
Comestibles
 f - 15 rations
 m - a chunk of flesh


   Skills:
 + Level 6.6 Fighting
 - Level 9.2(10.8) Axes
 * Level 9.1(10.7) Maces & Flails
 - Level 11.1 Armour
   Level 3.6 Shields


You had 9 spell levels left.
You didn't know any spells.
Your spell library was empty.

Dungeon Overview and Level Annotations

Branches:
Dungeon (8/15)             Temple (1/1) D:7
   Lair: D:8-11

Altars:
Ashenzari
Cheibriados
Dithmenos
Elyvilon
Gozag
Makhleb
Nemelex Xobeh
Okawaru
Qazlal
Ru
Sif Muna
Trog
Uskayaw
Vehumet
Wu Jian
Xom
Yredelemnul
Zin
The Shining One

Annotations:
D:8 Erica


Innate Abilities, Weirdness & Mutations

You reflexively headbutt those who attack you in melee.
You have a pair of horns on your head.


Message History

Erica points at you and mumbles some strange words.
The bolt of poison hits you!!
You are more poisoned.
* * * LOW HITPOINT WARNING * * *
The hippogriff bites you.
* * * LOW HITPOINT WARNING * * *
The hippogriff pecks you but does no damage.
The hippogriff claws you but does no damage.
You sock Erica! Your headbutt misses Erica.
Erica is moderately wounded.
* * * LOW HITPOINT WARNING * * *
You feel sick. Erica hits you but does no damage.
You closely miss Erica.
Erica is moderately wounded.
* * * LOW HITPOINT WARNING * * *
You feel sick. The hippogriff bites you!
* * * LOW HITPOINT WARNING * * *
The hippogriff pecks you but does no damage.
The hippogriff claws you.
You die...

#####
##...##
##.....##
#..<.<..#
#.....@.#
#...<.@H#
##.....##
##...##
#'''#
Y.....%
........≈≈
F.......§..
............


You could see Erica, a hippogriff, a yak and a bullfrog (wandering).

Vanquished Creatures
  Harold (D:7)
  Pikel (D:5)
  A hornet (D:6)
  A hungry ghost (D:8)
  A hog (D:8)
  Edmund (D:4)
  Duvessa (D:4)
  A soldier ant (D:7)
  2 sky beasts
  An ice beast (D:6)
  An orc warrior (D:7)
  2 centaurs (D:7)
  An ogre (D:7)
  Blork the orc (D:5)
  A big kobold (D:7)
  2 bullfrogs
  Dowan (D:4)
  2 scorpions
  2 howler monkeys (D:7)
  2 crimson imps
  4 hounds
  4 jellies
  4 orc priests (D:6)
  5 orc wizards
  2 centaur skeletons
  An iguana (D:7)
  8 worker ants
  Ijyb (D:5)
  Natasha (twice) (D:4)
  4 gnolls (D:3)
  9 adders
  2 shadow imps
  8 oozes
  2 adder skeletons (D:4)
  An adder zombie (D:6)
  6 dart slugs
  4 worms
  7 leopard geckos
  20 orcs
  5 giant cockroaches
  7 goblins
  5 hobgoblins
  4 jackals (D:2)
  A ball python (D:1)
  A ball python skeleton (D:4)
  5 bats
  4 frilled lizards
  A jackal skeleton (D:5)
  15 kobolds
  8 rats
176 creatures vanquished.

Vanquished Creatures (others)
  An adder (D:8)
  A plant (D:8)
  4 toadstools (D:4)
6 creatures vanquished.

Grand Total: 182 creatures vanquished

Notes
Turn   | Place    | Note
-------+----------+-------------------------------------------
     0 | D:1      | Kobolds4U the Minotaur Fighter began the quest for the Orb.
     0 | D:1      | Reached XP level 1. HP: 19/19 MP: 0/0
   333 | D:1      | Reached XP level 2. HP: 23/27 MP: 1/1
   550 | D:1      | Reached skill level 4 in Armour
  1021 | D:2      | Reached XP level 3. HP: 33/33 MP: 2/2
  1693 | D:2      | Reached skill level 5 in Armour
  1693 | D:2      | Reached XP level 4. HP: 40/40 MP: 3/3
  2323 | D:3      | Reached XP level 5. HP: 45/46 MP: 4/4
  2639 | D:3      | Reached skill level 6 in Armour
  2946 | D:4      | Noticed Edmund
  2959 | D:4      | Killed Edmund
  2959 | D:4      | Reached skill level 5 in Axes
  2959 | D:4      | Reached skill level 7 in Armour
  2959 | D:4      | Reached XP level 6. HP: 52/52 MP: 5/5
  3214 | D:4      | Reached XP level 7. HP: 49/60 MP: 6/6
  3222 | D:4      | Noticed Natasha
  3227 | D:4      | Killed Natasha
  3290 | D:4      | Found a glowing silver altar of Zin.
  3345 | D:4      | Reached skill level 5 in Fighting
  3579 | D:4      | Noticed Duvessa
  3579 | D:4      | Noticed Dowan
  3582 | D:4      | Noticed Natasha
  3584 | D:4      | Killed Dowan
  3597 | D:4      | Killed Duvessa
  3598 | D:4      | Killed Natasha
  3706 | D:4      | Found a bloodstained altar of Trog.
  3910 | D:5      | Entered Level 5 of the Dungeon
  4001 | D:5      | Found a white marble altar of Elyvilon.
  4069 | D:5      | Found a basalt altar of Yredelemnul.
  4126 | D:5      | Noticed Blork the orc
  4132 | D:5      | Reached XP level 8. HP: 70/70 MP: 7/7
  4137 | D:5      | Killed Blork the orc
  4185 | D:5      | Reached skill level 8 in Armour
  4614 | D:5      | Noticed Ijyb
  4627 | D:5      | Killed Ijyb
  4723 | D:5      | Noticed Pikel
  4736 | D:5      | Killed Pikel
  4736 | D:5      | Reached skill level 9 in Armour
  4852 | D:6      | Reached skill level 1 in Maces & Flails
  4924 | D:6      | Found a glowing silver altar of Zin.
  5132 | D:6      | Reached XP level 9. HP: 75/75 MP: 8/8
  5233 | D:7      | Found a staircase to the Ecumenical Temple.
  5510 | D:7      | Reached skill level 10 in Armour
  5522 | Temple   | Entered the Ecumenical Temple
  5695 | Temple   | Became a worshipper of Ashenzari the Shackled
  5789 | D:7      | Reached skill level 5 in Maces & Flails
  5853 | D:7      | Noticed Harold
  5872 | D:7      | Killed Harold
  5920 | D:7      | Paralysed by a hornet for 3 turns
  5943 | D:6      | HP: 3/75 [poisoned by a hornet]
  5944 | D:6      | Reached skill level 11 in Armour
  6276 | D:7      | Found a sparkling altar of Nemelex Xobeh.
  6524 | D:7      | Reached XP level 10. HP: 72/83 MP: 9/9
  6657 | D:8      | Noticed Erica
  6672 | D:8      | HP: 3/84 [hippogriff (8)]
  6672 | D:8      | Slain by a hippogriff

Skill      XL: |  1  2  3  4  5  6  7  8  9 10 |
---------------+-------------------------------+-----
Fighting       | 4 6 |  6.6
Armour         | 4 5 7 9 11 | 11.1
Axes           | 3 4 5 7 9 |  9.2
Maces & Flails | 2 8 9 |  9.1
Shields        | |  3.6

Action                   |  1- 3 |  4- 6 |  7- 9 | 10-12 || total
-------------------------+-------+-------+-------+-------++-------
Melee: War axe           |    69 |   150 |   121 |       ||   340
       Headbutt          |     7 |    31 |    67 |     6 ||   111
       Dire flail        |       |       |   203 |    28 ||   231
Invok: Curse Item        |       |       |     5 |       ||     5
  Use: Potion            |       |     1 |     3 |       ||     4
       Scroll            |       |       |     1 |       ||     1
  Eat: Chunk             |     2 |     6 |    10 |     6 ||    24
Armor: Scale mail        |    31 |       |       |       ||    31
       Chain mail        |    27 |   113 |   158 |       ||   298
       Plate armour      |       |       |   122 |    32 ||   154
Dodge: Dodged            |    40 |    69 |   148 |    12 ||   269
